TOP OF THE 1ST |
Detroit Tigers batting - Pitching for Texas Rangers : RHP Kelly Goosecock
|
Pitching: RHP Kelly Goosecock
|
|
Batting: RHB Greg Harman
|
0-0: Called Strike 0-1: Foul Ball, location: 2F 0-2: Strikes out looking
|
Batting: LHB Morgan Black
|
0-0: Ball 1-0: Called Strike 1-1: Called Strike 1-2: Foul Ball, location: 2F 1-2: Foul Ball, location: 2F 1-2: Ball 2-2: Foul Ball, location: 2F 2-2: Strikes out looking
|
Batting: RHB Randy Shrewsbury
|
0-0: Ball 1-0: Foul Ball, location: 2F 1-1: Foul Ball, location: 2F 1-2: Strikes out swinging
|
Top of the 1st over - 0 runs, 0 hits, 0 errors, 0 left on base; Detroit 0 - Texas 0 |
BOTTOM OF THE 1ST |
Texas Rangers batting - Pitching for Detroit Tigers : LHP Momosuke Sato
|
Pitching: LHP Momosuke Sato
|
|
Batting: RHB David Casas
|
0-0: Ball 1-0: Called Strike 1-1: SINGLE (Line Drive, 9S, EV 99.4 MPH)
|
Batting: SHB John Giesbrecht
|
0-0: Ball 1-0: Foul Ball, location: 2F 1-1: Fly out, F7 (Flyball, 7LM, EV 93.8 MPH)
|
Batting: RHB Rich Stinson
|
0-0: Ball 1-0: Ball 2-0: DOUBLE (Groundball, 5L, EV 105.0 MPH) David Casas to third
|
Batting: SHB Jun Tsuda
|
0-0: Swinging Strike 0-1: Ground out 6-3 (Groundball, 6MD, EV 90.0 MPH) David Casas scores Rich Stinson to third
|
Batting: RHB Casey Semenza
|
0-0: Called Strike 0-1: Ball 1-1: Ball 2-1: Ground out 5-3 (Groundball, 5, EV 86.9 MPH)
|
Bottom of the 1st over - 1 run, 2 hits, 0 errors, 1 left on base; Detroit 0 - Texas 1 |
TOP OF THE 2ND |
Detroit Tigers batting - Pitching for Texas Rangers : RHP Kelly Goosecock
|
Batting: LHB Tyler Davis
|
0-0: Ball 1-0: Ball 2-0: Ball 3-0: Base on Balls
|
Batting: RHB Ryan Neal
|
0-0: Called Strike 0-1: Foul Ball, location: 2F 0-2: Strikes out swinging
|
Batting: RHB Victor Quinones
|
0-0: Called Strike 0-1: Ball 1-1: Foul Ball, location: 2F 1-2: Foul Ball, location: 2F 1-2: Ball 2-2: Strikes out swinging
|
Batting: RHB Luke Feeney
|
0-0: Called Strike 0-1: Called Strike 0-2: Strikes out swinging
|
Top of the 2nd over - 0 runs, 0 hits, 0 errors, 1 left on base; Detroit 0 - Texas 1 |
BOTTOM OF THE 2ND |
Texas Rangers batting - Pitching for Detroit Tigers : LHP Momosuke Sato
|
Batting: SHB Vince Ealy
|
0-0: Foul Ball, location: 2F 0-1: Swinging Strike 0-2: Strikes out swinging
|
Batting: RHB Edwin Madrid
|
0-0: Foul Ball, location: 2F 0-1: Ground out 5-3 (Groundball, 56S, EV 88.1 MPH)
|
Batting: RHB Zhao-ji Chi
|
0-0: Ball 1-0: Ground out 4-3 (Groundball, 4, EV 108.1 MPH)
|
Bottom of the 2nd over - 0 runs, 0 hits, 0 errors, 0 left on base; Detroit 0 - Texas 1 |
TOP OF THE 3RD |
Detroit Tigers batting - Pitching for Texas Rangers : RHP Kelly Goosecock
|
Batting: LHB Emmanuel Gaskin
|
0-0: Ball 1-0: Swinging Strike 1-1: Fly out, F9 (Flyball, 9S, EV 84.4 MPH)
|
Batting: RHB Adrian Novakovic
|
0-0: Ball 1-0: Ball 2-0: Fly out, F8 (Flyball, 8RXD, EV 107.5 MPH)
|
Batting: RHB Greg Harman
|
0-0: Ball 1-0: Foul Ball, location: 2F 1-1: Swinging Strike 1-2: Strikes out swinging
|
Top of the 3rd over - 0 runs, 0 hits, 0 errors, 0 left on base; Detroit 0 - Texas 1 |
BOTTOM OF THE 3RD |
Texas Rangers batting - Pitching for Detroit Tigers : LHP Momosuke Sato
|
Batting: LHB Cody Schumacher
|
0-0: Ball 1-0: Ball 2-0: Foul Ball, location: 2F 2-1: Foul Ball, location: 2F 2-2: Foul Ball, location: 2F 2-2: Fly out, F4 (Line Drive, 4, EV 69.4 MPH)
|
Batting: RHB David Casas
|
0-0: SOLO HOME RUN (Flyball, 7D, EV 98.1 MPH), Distance : 378 ft
|
Batting: SHB John Giesbrecht
|
0-0: Ball 1-0: Swinging Strike 1-1: Foul Ball, location: 2F 1-2: Fly out, F8 (Flyball, 8RD, EV 85.6 MPH)
|
Batting: RHB Rich Stinson
|
0-0: Ball 1-0: Ball 2-0: Called Strike 2-1: Foul Ball, location: 2F 2-2: SINGLE (Groundball, 5S, EV 68.8 MPH) (infield hit)
|
Batting: SHB Jun Tsuda
|
0-0: Ball 1-0: Foul Ball, location: 2F 1-1: Ball 2-1: Ball 3-1: Fly out, F7 (Flyball, 78D, EV 80.6 MPH)
|
Bottom of the 3rd over - 1 run, 2 hits, 0 errors, 1 left on base; Detroit 0 - Texas 2 |
TOP OF THE 4TH |
Detroit Tigers batting - Pitching for Texas Rangers : RHP Kelly Goosecock
|
Batting: LHB Morgan Black
|
0-0: Ground out 6-3 (Groundball, 6D, EV 102.5 MPH)
|
Batting: RHB Randy Shrewsbury
|
0-0: Ball 1-0: Swinging Strike 1-1: Called Strike 1-2: Fly out, F9 (Flyball, 9LM, EV 102.5 MPH)
|
Batting: LHB Tyler Davis
|
0-0: Foul Ball, location: 2F 0-1: Foul Ball, location: 2F 0-2: Ball 1-2: Strikes out swinging
|
Top of the 4th over - 0 runs, 0 hits, 0 errors, 0 left on base; Detroit 0 - Texas 2 |
BOTTOM OF THE 4TH |
Texas Rangers batting - Pitching for Detroit Tigers : LHP Momosuke Sato
|
Batting: RHB Casey Semenza
|
0-0: Ball 1-0: Ball 2-0: Foul Ball, location: 2F 2-1: Ball 3-1: Base on Balls
|
Batting: SHB Vince Ealy
|
0-0: Called Strike 0-1: Called Strike 0-2: Foul Ball, location: 2F 0-2: Ball 1-2: Foul Ball, location: 2F 1-2: Foul Ball, location: 2F 1-2: Ball 2-2: Ball 3-2: SINGLE (Line Drive, 4MD, EV 100.6 MPH) Casey Semenza to second Runner from 2nd tries for 3rd, SAFE, throw by CF made to third
|
Batting: RHB Edwin Madrid
|
0-0: Called Strike 0-1: Ball 1-1: Ball 2-1: Foul Ball, location: 2F 2-2: Hit by Pitch Vince Ealy to second
|
Batting: RHB Zhao-ji Chi
|
0-0: Ball 1-0: DOUBLE (Line Drive, 89XD, EV 97.5 MPH) Casey Semenza scores Vince Ealy scores Edwin Madrid to third Runner from 3rd tries for Home, SAFE, throw by CF to home
|
Pitching: RHP Andres de Leon
|
|
Batting: LHB Cody Schumacher
|
0-0: Ball 1-0: Ball 2-0: Called Strike 2-1: 2-RUN HOME RUN (Flyball, 9D, EV 94.4 MPH), Distance : 375 ft
|
Batting: RHB David Casas
|
0-0: Called Strike 0-1: Ball 1-1: Ball 2-1: Ball 3-1: Base on Balls
|
Batting: SHB John Giesbrecht
|
0-0: Called Strike 0-1: Foul Ball, location: 2F 0-2: Fly out, F7 (Flyball, 7LD, EV 106.2 MPH)
|
Batting: RHB Rich Stinson
|
0-0: Ball 1-0: Called Strike 1-1: Swinging Strike 1-2: Foul Ball, location: 2F 1-2: Ball 2-2: Ball 3-2: Strikes out swinging David Casas is caught stealing 2nd base 2-4 Batter strikes out.
|
Bottom of the 4th over - 5 runs, 3 hits, 0 errors, 0 left on base; Detroit 0 - Texas 7 |
TOP OF THE 5TH |
Detroit Tigers batting - Pitching for Texas Rangers : RHP Kelly Goosecock
|
Batting: RHB Ryan Neal
|
0-0: Foul Ball, location: 2F 0-1: Ball 1-1: Ball 2-1: Ball 3-1: Ground out 1-3 (Groundball, 15S, EV 66.2 MPH)
|
Batting: RHB Victor Quinones
|
0-0: Ball 1-0: Fly out, F6 (Popup, 56, EV 56.2 MPH)
|
Batting: RHB Luke Feeney
|
0-0: Swinging Strike 0-1: Ball 1-1: Ball 2-1: Fly out, F4 (Popup, 4D, EV 53.1 MPH)
|
Top of the 5th over - 0 runs, 0 hits, 0 errors, 0 left on base; Detroit 0 - Texas 7 |
BOTTOM OF THE 5TH |
Texas Rangers batting - Pitching for Detroit Tigers : RHP Andres de Leon
|
Batting: SHB Jun Tsuda
|
0-0: Ball 1-0: Ball 2-0: Ball 3-0: Called Strike 3-1: Base on Balls
|
Batting: RHB Casey Semenza
|
0-0: 2-RUN HOME RUN (Line Drive, 8RXD, EV 96.9 MPH) (Inside the Park)
|
Batting: SHB Vince Ealy
|
0-0: Ball 1-0: Ball 2-0: Called Strike 2-1: Ball 3-1: Base on Balls
|
Batting: RHB Edwin Madrid
|
0-0: Called Strike 0-1: Swinging Strike 0-2: Grounds into double play, 4-6-3 (Groundball, 4, EV 81.2 MPH)
|
Batting: RHB Zhao-ji Chi
|
0-0: Called Strike 0-1: Ball 1-1: Called Strike 1-2: Fly out, F4 (Flyball, 4D, EV 81.2 MPH)
|
Bottom of the 5th over - 2 runs, 1 hit, 0 errors, 0 left on base; Detroit 0 - Texas 9 |
TOP OF THE 6TH |
Detroit Tigers batting - Pitching for Texas Rangers : RHP Kelly Goosecock
|
Batting: LHB Emmanuel Gaskin
|
0-0: Called Strike 0-1: Hit by Pitch
|
Batting: RHB Adrian Novakovic
|
0-0: Called Strike 0-1: Called Strike 0-2: Strikes out looking
|
Batting: RHB Greg Harman
|
0-0: Foul Ball, location: 2F 0-1: Called Strike 0-2: Ball 1-2: Ball 2-2: Foul Ball, location: 2F 2-2: Ball 3-2: Foul Ball, location: 2F 3-2: Strikes out looking
|
Batting: LHB Morgan Black
|
0-0: Ball 1-0: Ball Wild Pitch! Emmanuel Gaskin to second 2-0: Fly out, F9 (Flyball, 89M, EV 86.9 MPH)
|
Top of the 6th over - 0 runs, 0 hits, 0 errors, 1 left on base; Detroit 0 - Texas 9 |
BOTTOM OF THE 6TH |
Texas Rangers batting - Pitching for Detroit Tigers : RHP Andres de Leon
|
Batting: LHB Cody Schumacher
|
0-0: Called Strike 0-1: SINGLE (Groundball, 3D, EV 105.0 MPH)
|
Batting: RHB David Casas
|
0-0: Ball 1-0: SINGLE (Groundball, 56D, EV 97.5 MPH) Cody Schumacher to second
|
Batting: SHB John Giesbrecht
|
0-0: Ball 1-0: Fly out, F4 (Popup, 4S, EV 81.9 MPH)
|
Batting: RHB Rich Stinson
|
0-0: Ball 1-0: Foul Ball, location: 2F 1-1: Foul Ball, location: 2F 1-2: Ball 2-2: Grounds into double play, 5-4-3 (Groundball, 56, EV 105.6 MPH)
|
Bottom of the 6th over - 0 runs, 2 hits, 0 errors, 1 left on base; Detroit 0 - Texas 9 |
TOP OF THE 7TH |
Detroit Tigers batting - Pitching for Texas Rangers : RHP Kelly Goosecock
|
Pinch Hitting: RHB Danny Eberhart
|
0-0: Ball 1-0: Called Strike 1-1: Called Strike 1-2: SINGLE (Line Drive, 56D, EV 102.5 MPH)
|
Batting: LHB Tyler Davis
|
0-0: Called Strike 0-1: Ball 1-1: Ball 2-1: Called Strike 2-2: Strikes out swinging
|
Pinch Hitting: RHB Dave Reynolds
|
0-0: Foul Ball, location: 2F 0-1: Ball 1-1: Ball 2-1: Ball 3-1: Base on Balls Danny Eberhart to second
|
Batting: RHB Victor Quinones
|
0-0: Foul Ball, location: 2F 0-1: DOUBLE (Flyball, 89XD, EV 90.6 MPH) Danny Eberhart scores Dave Reynolds to third Runner from 3rd tries for Home, SAFE, no throw by CF
|
Batting: RHB Luke Feeney
|
0-0: Ball 1-0: Called Strike 1-1: Foul Ball, location: 2F 1-2: Foul Ball, location: 2F 1-2: Strikes out swinging
|
Batting: LHB Emmanuel Gaskin
|
0-0: Called Strike 0-1: Ball 1-1: Called Strike 1-2: Fly out, F9 (Flyball, 9, EV 86.9 MPH)
|
Top of the 7th over - 2 runs, 2 hits, 0 errors, 1 left on base; Detroit 2 - Texas 9 |
BOTTOM OF THE 7TH |
Texas Rangers batting - Pitching for Detroit Tigers : RHP Andres de Leon
|
Now at 2B: Dave Reynolds
|
|
Now at 3B: Danny Eberhart
|
|
Batting: SHB Jun Tsuda
|
0-0: Ball 1-0: Swinging Strike 1-1: Ball 2-1: Ground out 4-3 (Groundball, 4D, EV 90.0 MPH)
|
Batting: RHB Casey Semenza
|
0-0: Called Strike 0-1: Foul Ball, location: 2F 0-2: Foul Ball, location: 2F 0-2: TRIPLE (Flyball, 8RXD, EV 110.0 MPH)
|
Pitching: RHP Bryce Cleavinger
|
|
Batting: SHB Vince Ealy
|
0-0: Ball 1-0: Ball 2-0: Ground out U3 (Groundball, 34, EV 93.1 MPH) Casey Semenza scores
|
Batting: RHB Edwin Madrid
|
0-0: Ball 1-0: Foul Ball, location: 2F 1-1: Swinging Strike 1-2: Foul Ball, location: 2F 1-2: Ball 2-2: Ball 3-2: Base on Balls
|
Batting: RHB Zhao-ji Chi
|
0-0: Called Strike 0-1: Called Strike 0-2: SINGLE (Groundball, 25, EV 69.4 MPH) (infield hit) Edwin Madrid to second
|
Batting: LHB Cody Schumacher
|
0-0: Foul Ball, location: 2F 0-1: Swinging Strike 0-2: Ball 1-2: Strikes out swinging
|
Bottom of the 7th over - 1 run, 2 hits, 0 errors, 2 left on base; Detroit 2 - Texas 10 |
TOP OF THE 8TH |
Detroit Tigers batting - Pitching for Texas Rangers : RHP Kelly Goosecock
|
Batting: RHB Adrian Novakovic
|
0-0: Fly out, F7 (Line Drive, 7LM, EV 107.5 MPH)
|
Pinch Hitting: RHB Chris Wheatley
|
0-0: Called Strike 0-1: Foul Ball, location: 2F 0-2: Ball 1-2: Ball 2-2: Fly out, F7 (Flyball, 7, EV 86.9 MPH)
|
Batting: LHB Morgan Black
|
0-0: Ground out 6-3 (Groundball, 6, EV 95.0 MPH)
|
Top of the 8th over - 0 runs, 0 hits, 0 errors, 0 left on base; Detroit 2 - Texas 10 |
BOTTOM OF THE 8TH |
Texas Rangers batting - Pitching for Detroit Tigers : RHP Bryce Cleavinger
|
Now at 1B: Chris Wheatley
|
|
Batting: RHB David Casas
|
0-0: Called Strike 0-1: Ball 1-1: DOUBLE (Flyball, 89D, EV 114.4 MPH)
|
Batting: SHB John Giesbrecht
|
0-0: Ball 1-0: Ball 2-0: Called Strike 2-1: Ball 3-1: Foul Ball, location: 2F 3-2: Foul Ball, location: 2F 3-2: Foul Ball, location: 2F 3-2: Foul Ball, location: 2F 3-2: SINGLE (Line Drive, 56D, EV 104.4 MPH) David Casas to third
|
Batting: RHB Rich Stinson
|
0-0: Ball 1-0: Foul Ball, location: 2F 1-1: Ball 2-1: Ball 3-1: Fly out, F9 (Flyball, 9S, EV 83.8 MPH)
|
Batting: SHB Jun Tsuda
|
0-0: Called Strike 0-1: Called Strike 0-2: Ball 1-2: Ball 2-2: Foul Ball, location: 2F 2-2: Ball 3-2: Fly out, F9 (Flyball, 9, EV 77.5 MPH)
|
Batting: RHB Casey Semenza
|
0-0: Foul Ball, location: 2F 0-1: Ball 1-1: Ball 2-1: Swinging Strike Pickoff Throw to First - Out! 1-3
|
Bottom of the 8th over - 0 runs, 2 hits, 0 errors, 1 left on base; Detroit 2 - Texas 10 |
TOP OF THE 9TH |
Detroit Tigers batting - Pitching for Texas Rangers : RHP Kelly Goosecock
|
Batting: RHB Danny Eberhart
|
0-0: Called Strike 0-1: Called Strike 0-2: Ball 1-2: Strikes out swinging
|
Pitching: RHP John Bialon
|
|
Batting: LHB Tyler Davis
|
0-0: Ball 1-0: Ball 2-0: Called Strike 2-1: Swinging Strike 2-2: Strikes out looking
|
Batting: RHB Dave Reynolds
|
0-0: Ball 1-0: Swinging Strike 1-1: Ball 2-1: SINGLE (Flyball, 8LS, EV 86.2 MPH)
|
Batting: RHB Victor Quinones
|
0-0: Fly out, F8 (Line Drive, 8LM, EV 95.0 MPH)
|
Top of the 9th over - 0 runs, 1 hit, 0 errors, 1 left on base; Detroit 2 - Texas 10 |
|